 Dungeon Crawl Stone Soup version 0.31-a0-965-g8a8ce12e04 (webtiles) character file.

Game seed: 3353461787674074372

138 lunkers the Ruffian (level 5, -3/40 HPs)
             Began as a Meteoran Shapeshifter on Oct 26, 2023.
             Was a Believer of Uskayaw.
             Slain by a hound (5 damage)
             ... on level 4 of the Dungeon.
             The game lasted 00:03:58 (1551 turns).

lunkers the Ruffian (Meteoran Shapeshifter)         Turns: 1551, Time: 00:03:59

Health: -3/40      AC:  6    Str: 16    XL:     5   Next: 74%
Magic:  6/6        EV: 10    Int: 11    God:    Uskayaw [**....]
Gold:   193        SH:  0    Dex: 15    Spells: 4/4 levels left

rFire   . .          .
                       - Unarmed
rCold   . . .        (no shield)
rNeg    + . .        k - +0 scale mail
rPois   .            (helmet currently unavailable)
rElec   .            (cloak currently unavailable)
rCorr   .            (gloves currently unavailable)
SInv    .            (boots currently unavailable)
Will    .....        (no amulet) Stlth
                     h - ring of flight
HPRegen 0.26/turn    i - ring of positive energy
MPRegen 0.10/turn

%: no passive effects
@: beast-form, flying, glowing
A: beast (slay +2), sense surroundings 1, otherworldly, glowing, explore regen
a: Begin Untransformation, Renounce Religion, Stomp, Line Pass


You were on level 4 of the Dungeon.
You worshipped Uskayaw.
Uskayaw was noncommittal.
You were a hulking beast.
You visited 1 branch of the dungeon, and saw 4 of its levels.

You collected 193 gold pieces.

Inventory:

Armour
 a - a +0 animal skin
 k - a +0 scale mail (worn)
Jewellery
 e - a ring of magical power
 h - a ring of flight (left hand)
 i - a ring of positive energy (right hand)
Talismans
 c - a beast talisman
 d - a flux talisman
Scrolls
 j - a scroll of fog {unknown}
 l - 2 scrolls of identify {unknown}
 m - a scroll of revelation {unknown}
 n - 2 scrolls of teleportation {unknown}
 o - a scroll of silence {unknown}
 q - a scroll of vulnerability {unknown}
 r - 2 scrolls of fear {unknown}
 s - 2 scrolls of blinking {unknown}
 t - a scroll of amnesia {unknown}
Potions
 b - 2 potions of lignification
 f - 3 potions of heal wounds {unknown}
 g - 2 potions of curing {unknown}
 p - a potion of might {unknown}


   Skills:
 - Level 1.1 Fighting
 - Level 2.1 Dodging
 * Level 6.0 Unarmed Combat
 + Level 4.7 Shapeshifting


You had 4 spell levels left.
You didn't know any spells.
Your spell library was empty.

Dungeon Overview and Level Annotations

Branches:
Dungeon (4/15) Zot: 861
 Temple: D:4-7

Altars:
Elyvilon
Sif Muna
Uskayaw

Annotations:
D:4 3 runed translucent doors, RandomusNamus's ghost, amateur MiBr; Shayle's ghost, novice OgHs


Innate Abilities, Weirdness & Mutations

You are a hulking beast.
Your limbs bulge with bestial killing power. (Slay +2)
You passively map a small area around you.
You are easily found by Zot.
You glow in the dark.
You regain HP and MP as you explore.


Message History

The endoplasm moves out of view.
You hit the orc.
The orc is heavily wounded.
The orc closely misses you.
The endoplasm hits you but does no damage.
You punch the orc!
You kill the orc!
You hit the endoplasm.
The endoplasm is heavily wounded.
The endoplasm hits you but does no damage.
The quokka bites you.
You punch the endoplasm!
You kill the endoplasm!
The quokka bites you.
You can now pass through a line of other dancers.
You punch the orc!
You kill the orc!
The orc priest calls down the wrath of Beogh upon you.
Beogh smites you! The hound bites you but does no damage.
The quokka closely misses you.
You hit the hound.
The hound is lightly wounded.
The hound bites you. The quokka bites you.
* * * LOW HITPOINT WARNING * * *
The hound attacks as it pursues you! The hound misses you.
The orc priest mumbles some strange prayers to Beogh against you.
Beogh smites you!
* * * LOW HITPOINT WARNING * * *
The hound completely misses you.
You completely miss the hound.
The hound is lightly wounded.
The hound stops to sniff the ground.
The hound misses you.
The orc priest invokes the aid of Beogh against you.
Beogh smites you!
* * * LOW HITPOINT WARNING * * *
You hear a shout!
The hound attacks as it pursues you! The hound bites you but does no damage.
The hound bites you.
You die...

* ** ######### , ,
#._.....######## , ,
#.......#....... ,*
#.......#....... , , , ###
#.......#....... , ,
,#.####.......#....... ,
,#.rh....###†##....... * ,
, ,#.##h.......##.......
#..oo)##.##..............
.<....o.##.##..............
............####+++####..##
.!.....###.##PWW.....P#...'
.......* #.##⌠.......⌠##.##
....... #..#P.......P##.#.
,.##+#.. #.##........!##.#.
##8.....8###.#.


You could see a hound and a quokka.

Vanquished Creatures
  A hound (D:4)
  5 adders
  A worm (D:2)
  8 orcs
  An endoplasm (D:4)
  3 giant cockroaches
  5 goblins
  6 hobgoblins
  3 jackals (D:3)
  A quokka (D:1)
  7 ball pythons
  4 bats
  5 frilled lizards (D:1)
  4 kobolds
  A rat (D:1)
55 creatures vanquished.

Notes
Turn   | Place    | Note
-------+----------+-------------------------------------------
     0 | D:1      | lunkers the Meteoran Shapeshifter began the quest for the
                  | Orb.
     0 | D:1      | Reached XP level 1. HP: 16/16 MP: 2/2
   170 | D:1      | Reached XP level 2. HP: 15/23 MP: 3/3
   171 | D:1      | Reached skill level 4 in Unarmed Combat
   269 | D:1      | Reached XP level 3. HP: 26/28 MP: 4/4
   385 | D:2      | Found a faded altar of an unknown god.
   682 | D:2      | Reached skill level 5 in Unarmed Combat
   682 | D:2      | Reached XP level 4. HP: 35/35 MP: 5/5
   977 | D:3      | Reached XP level 5. HP: 40/40 MP: 6/6
  1386 | D:4      | Found a shimmering blue altar of Sif Muna.
  1386 | D:4      | Found a hide-covered altar of Uskayaw.
  1409 | D:4      | Became a worshipper of Uskayaw the Reveller
  1505 | D:4      | Reached * piety under Uskayaw
  1520 | D:4      | Found a runed translucent gate.
  1520 | D:4      | Found a runed translucent gate.
  1520 | D:4      | Found a runed translucent gate.
  1521 | D:4      | Noticed RandomusNamus's ghost (amateur MiBr)
  1522 | D:4      | Noticed Shayle's ghost (novice OgHs)
  1528 | D:4      | Found a white marble altar of Elyvilon.
  1530 | D:4      | Reached ** piety under Uskayaw
  1531 | D:4      | Reached skill level 6 in Unarmed Combat
  1550 | D:4      | HP: 2/40 [orc priest/divine providence (8)]
  1551 | D:4      | Slain by a hound

Illustrated notes

Levels and vault maps discovered:
D:1:      psy_arrival_basics, layout_rooms
D:2:      layout_basic, basic_ecumenical_altar, dk_vineyard_2, kennysheep_nub
D:3:      layout_loops_corners
D:4:      layout_basic, overflow_temple_1_default, mainiacjoe_overflow_24_doors,
          gammafunk_temple_overflow_wave, minmay_temple_entry_enclosed_plants,
          gammafunk_ghost_cemetery, minivault_27, kennysheep_small_square,
          uniq_ijyb

Skill      XL: |  1  2  3  4  5 |
---------------+----------------+-----
Unarmed Combat | 4 5 6 |  6.0
Shapeshifting  | 4 |  4.7
Fighting       | |  1.1
Dodging        | |  2.1

Action                     |  1- 3 |  4- 6 || total
---------------------------+-------+-------++-------
  Melee: Unarmed           |    74 |    57 ||   131
         Punch             |     4 |       ||     4
 Armour: Animal skin       |    25 |       ||    25
         Scale mail        |    21 |    41 ||    62
  Dodge: Dodged            |    44 |    17 ||    61

Table legend: (Time is in decaauts)
 A = Elapsed time spent in this place.
 B = Non-inter-level travel time spent in this place.
 C = Inter-level travel time spent in this place.
 D = Time resting spent in this place.
 E = Time spent auto-exploring this place.
 F = Levels seen in this place.
 G = Mean time per level.
                   A        B        C        D        E       F      G
               +--------+--------+--------+--------+--------+-----+--------+
         Total |   1537 |   1487 |     50 |      0 |   1003 |   4 |  384.2 |
       Dungeon |   1537 |   1487 |     50 |      0 |   1003 |   4 |  384.2 |
               +--------+--------+--------+--------+--------+-----+--------+

Top non-repeatable levels by time:
     D:3: 566 daAuts
     D:2: 373 daAuts
     D:1: 368 daAuts
     D:4: 229 daAuts
